 Dungeon Crawl Stone Soup version 0.29.1-2-gbd0b4ee654 (webtiles) character file.

Game seed: 9794972394101621453

10647 Lutefisk the Fighter (level 11, -2/80 HPs)
             Began as an Octopode Transmuter on Oct 29, 2022.
             Was a Priest of Makhleb.
             Slain by a centaur warrior
             ... wielding a +0 short sword
              (9 damage)
             ... on level 9 of the Dungeon.
             The game lasted 00:55:41 (10396 turns).

Lutefisk the Fighter (Octopode Transmuter)         Turns: 10396, Time: 00:55:42

Health: -2/80      AC:  2    Str:  9    XL:     11   Next: 65%
Magic:  40/42      EV: 33    Int: 20    God:    Makhleb [***...]
Gold:   798        SH:  5    Dex: 23    Spells: 2/16 levels left

rFire   + . .      SeeInvis +     - Unarmed
rCold   x . .      Faith    .   (shield currently unavailable)
rNeg    . . .      Spirit   .   (helmet currently unavailable)
rPois   x          Reflect  +   J - amulet of reflection
rElec   .          Harm     .   d - ring of magical power
rCorr   +          Rampage  .   p - ring of magical power
Will    .....      Archmagi +   s - ring of wizardry
Stlth   +++.......              A - ring of magical power
HPRegen 0.23/turn               f - ring of Tuec {+Blink Will- EV+4 SInv}
MPRegen 0.28/turn               h - ring "Wupneics" {Will+ rCorr Int+5}
                                B - ring of fire
                                I - ring of the Mage {Wiz Archmagi}

@: spider-form
A: venomous fangs, almost no armour, (amphibious), 8 rings, tiny, (camouflage
1), (gelatinous body 1), (nimble swimmer 1), (tentacles)
a: End Transformation, Renounce Religion, Evoke Blink, Minor Destruction, Lesser
Servant of Makhleb


You were on level 9 of the Dungeon.
You worshipped Makhleb.
Makhleb was most pleased with you.
You were a venomous arachnid creature.
You visited 1 branch of the dungeon, and saw 9 of its levels.

You collected 798 gold pieces.

Inventory:

Missiles
 g - 2 silver boomerangs
 q - 52 poisoned darts
 r - 2 throwing nets (quivered)
 F - 4 javelins
Armour
 G - a +0 buckler of poison resistance (melded)
Jewellery
 d - a ring of magical power (left front leg)
 f - the ring of Tuec (on tentacle) {+Blink Will- EV+4 SInv}
   (You acquired it on level 8 of the Dungeon)

   [ring of evasion]

   EV:        It affects your evasion (+4).
   SInv:      It lets you see invisible.
   +Blink:    It lets you blink.
   Will:      It decreases your willpower.
 h - the ring "Wupneics" (on tentacle) {Will+ rCorr Int+5}
   (You acquired it on level 8 of the Dungeon)

   [ring of resist corrosion]

   Int:       It affects your intelligence (+5).
   rCorr:     It protects you from acid and corrosion.
   Will:      It increases your willpower.
 p - a ring of magical power (right front leg)
 s - a ring of wizardry (on tentacle)
 v - a ring of ice
 y - a ring of ice
 A - a ring of magical power (on tentacle)
 B - a ring of fire (on tentacle)
 I - the ring of the Mage (on tentacle) {Wiz Archmagi}
   (You took it off a centaur warrior on level 9 of the Dungeon)

   [ring of wizardry]

   It improves your spell success rate.
   Archmagi:  It increases the power of your magical spells.
 J - an amulet of reflection (around neck)
Wands
 j - a wand of quicksilver (3)
Scrolls
 c - 2 scrolls of enchant armour
 e - a scroll of butterflies
 i - a scroll of vulnerability
 l - 2 scrolls of torment
 n - a scroll of poison
 H - a scroll of immolation {unknown}
Potions
 a - 2 potions of lignification
 b - a potion of mutation {unknown}
 k - a potion of attraction
 m - a potion of magic
 o - 2 potions of flight {unknown}
 u - a potion of invisibility {unknown}
 w - 2 potions of resistance {unknown}
 x - a potion of brilliance
 C - a potion of might
 D - a potion of berserk rage {unknown}
 E - a potion of haste {unknown}
Miscellaneous
 t - a piece from Xom's chessboard (15/15)
 z - a phantom mirror


   Skills:
 - Level 9.0 Fighting
 - Level 9.0 Dodging
 - Level 5.0 Stealth
 - Level 3.0 Shields
 - Level 9.0 Unarmed Combat
 - Level 3.0 Spellcasting
 * Level 7.6 Transmutations
 - Level 1.0 Ice Magic
 - Level 1.0 Earth Magic
 - Level 2.0 Poison Magic
 - Level 4.0 Invocations


You had 2 spell levels left.
You knew the following spells:

 Your Spells              Type           Power      Damage    Failure   Level
a - Beastly Appendage     Tmut           100%       N/A       1%          1
b - Wereblood             Tmut           50%        N/A       1%          2
c - Spider Form           Tmut/Pois      33%        N/A       4%          3
d - Magic Dart            Conj           16%        1d3       9%          1
e - Passwall              Tmut/Erth      25%        N/A       3%          2
f - Sandblast             Erth           20%        2d7       7%          1
g - Ice Form              Ice/Tmut       30%        N/A       13%         4

Your spell library contained the following spells:

 Spells                   Type           Power      Damage    Failure   Level
 Blink                    Tloc           8%         N/A       13%         2
 Searing Ray              Conj           8%         2d4       13%         2
 Static Discharge         Conj/Air       4%         3-4/arc   13%         2
 Stone Arrow              Conj/Erth      14%        3d7       17%         3
 Hailstorm                Conj/Ice       7%         3d4       43%         4
 Dispel Undead            Necr           4%         3d7       47%         4
 Fulminant Prism          Conj/Hex       2%         3d6       47%         4
 Sticky Flame             Conj/Fire      6%         2d3       47%         4
 Eringya's Noxious Bog    Tmut/Pois      16%        N/A       71%         6
 Manifold Assault         Tloc           4%         N/A       78%         5
 Summon Forest            Summ/Tloc      2%         N/A       78%         5
 Storm Form               Tmut/Air       13%        N/A       100%        7
 Summon Hydra             Summ           2%         N/A       100%        7
 Polar Vortex             Ice            5%         N/A       100%        9


Dungeon Overview and Level Annotations

Branches:
Dungeon (9/15)               Lair (0/5) D:8
 Temple: D:4-7          Orc: D:9-12

Altars:
Ashenzari
Makhleb
Nemelex Xobeh
Okawaru
Xom
The Shining One

Shops:
D:6 [

Annotations:
D:2 Sigmund
D:8 Grum


Innate Abilities, Weirdness & Mutations

You are a venomous arachnid creature.
You have poisonous fangs.
You are tiny and dextrous.
Your spellcasting is less reliable in this form.
Your armour is entirely melded.
You are incapable of wielding weapons or throwing items.
You cannot wear most types of armour.
((You are amphibious.))
You can wear up to eight rings at the same time.
((Your skin changes colour to match your surroundings (Stealth+).))
((Your rubbery body absorbs attacks. (AC +1, EV +1)))
((You are camouflaged when in or above water. (Stealth+)))
((You have tentacles for arms and can constrict up to eight enemies at once.))


Message History

Okay, then.
The centaur warrior hits you with a +0 short sword.
The centaur warrior closely misses you.
Casting: Spider Form (mildly dangerous; 2% risk of failure)
Confirm with . or Enter, or press ? or * to list all spells.
You feel a surge of power!
You turn into a venomous arachnid creature.
Your +0 buckler of poison resistance melds into your body.
You no longer feel resistant to poison.
The centaur warrior hits you with a +0 short sword.
The centaur warrior completely misses you.
The centaur warrior hits you with a +0 short sword!
The centaur warrior misses you.
You hit the centaur warrior but do no damage.
The centaur warrior is poisoned.
The centaur warrior completely misses you.
The centaur warrior misses you.
Okay, then.
Okay, then.
Unknown command.
You bite the centaur warrior!
The centaur warrior looks as sick as possible!
The centaur warrior is moderately wounded.
The centaur warrior hits you with a +0 short sword!!
* * * LOW HITPOINT WARNING * * *
The centaur warrior completely misses you.
You hit the centaur warrior but do no damage.
The centaur warrior is moderately wounded.
The centaur warrior completely misses you. x2
Okay, then.
You hit the centaur warrior.
The centaur warrior is moderately wounded.
The centaur warrior closely misses you. The centaur warrior misses you.
You hit the centaur warrior.
The centaur warrior looks as sick as possible!
The centaur warrior is moderately wounded.
You block the centaur warrior's attack. The centaur warrior kicks you.
* * * LOW HITPOINT WARNING * * *
The centaur warrior hits you with a +0 short sword!
You die...

#....#.#...#..#
#.#.H.#.###.#.#
#..#...#.#..##.#
##...#...#.#D# #.#
....##....#.# #.#Y.......#
.#########.#####.#.....#..#
..z...........)..#.D.......
#.#...######.#.#c##Y.......
..#...# #.#.#s.#......#
..#b..# #.#.#..#......#.
..##########...+..#........
.........).†...####........
........##..##.).......#..#
........##......##.....#
..........................
##########################


You could see a centaur warrior (extremely poisoned).

Vanquished Creatures
  A boulder beetle (D:9)
  A centaur warrior (D:9)
  Pikel (D:8)
  A manticore (D:9)
  A cyclops (D:8)
  Prince Ribbit (D:6)
  A hornet (D:9)
  A wraith (D:9)
  3 wyverns
  11 yaks
  2 humans (D:8)
  5 steam dragons
  2 vampire mosquitoes (D:9)
  2 basilisks (D:8)
  6 water moccasins
  5 orc warriors
  An ice beast (D:6)
  A black bear (D:7)
  2 wolves (D:7)
  2 phantoms
  A centaur (D:9)
  7 kobold brigands
  3 bullfrogs
  A gnoll sergeant (D:7)
  5 scorpions
  A necrophage (D:6)
  6 wights
  A killer bee (D:9)
  4 howler monkeys
  6 jellies
  2 orc priests
  4 hounds
  3 gnoll boudas
  5 iguanas
  Jessica (D:2)
  3 orc wizards
  13 gnolls
  10 adders
  3 shadow imps (D:8)
  3 white imps
  2 dart slugs
  16 orcs
  2 bats
  5 endoplasms
  2 giant cockroaches (D:2)
  3 goblins
  5 hobgoblins
  3 jackals (D:1)
  23 kobolds
  2 quokkas
  A ball python (D:1)
  4 frilled lizards
  5 rats
205 creatures vanquished.

Vanquished Creatures (others)
  6 fungi
  18 plants
24 creatures vanquished.

Grand Total: 229 creatures vanquished

Notes
Turn   | Place    | Note
-------+----------+-------------------------------------------
     0 | D:1      | Lutefisk the Octopode Transmuter began the quest for the
                  | Orb.
     0 | D:1      | Reached XP level 1. HP: 13/13 MP: 3/3
   325 | D:1      | Reached XP level 2. HP: 13/18 MP: 3/5
   522 | D:2      | Learned a level 2 spell: Wereblood
   636 | D:2      | Reached XP level 3. HP: 24/24 MP: 6/6
   676 | D:1      | Learned a level 3 spell: Spider Form
   715 | D:1      | Found a faded altar of an unknown god.
  1201 | D:2      | Noticed Jessica
  1208 | D:2      | Killed Jessica
  1209 | D:2      | Reached skill level 1 in Poison Magic
  1209 | D:2      | Reached XP level 4. HP: 20/30 MP: 7/7
  1229 | D:2      | Noticed Sigmund
  2012 | D:4      | Found a burning altar of Makhleb.
  2012 | D:4      | Noticed an Executioner
  2057 | D:4      | Noticed a smoke demon
  2057 | D:4      | Noticed an orange demon
  2059 | D:4      | Became a worshipper of Makhleb the Destroyer
  2159 | D:4      | Reached XP level 5. HP: 36/36 MP: 8/8
  2530 | D:4      | Reached XP level 6. HP: 43/43 MP: 9/9
  3029 | D:5      | Entered Level 5 of the Dungeon
  3045 | D:5      | Reached skill level 1 in Stealth
  3153 | D:5      | Reached XP level 7. HP: 32/49 MP: 10/10
  3554 | D:4      | Reached skill level 5 in Fighting
  3554 | D:4      | Reached skill level 5 in Unarmed Combat
  3790 | D:5      | Reached * piety under Makhleb
  4030 | D:5      | Learned a level 1 spell: Magic Dart
  4246 | D:6      | Reached skill level 5 in Transmutations
  4246 | D:6      | Reached XP level 8. HP: 33/55 MP: 11/11
  4500 | D:6      | Found Ruac's Antique Armour Boutique.
  4558 | D:6      | Noticed Prince Ribbit
  4567 | D:6      | Killed Prince Ribbit
  4810 | D:6      | Learned a level 2 spell: Passwall
  4812 | D:6      | Learned a level 1 spell: Sandblast
  4866 | D:6      | Reached skill level 1 in Earth Magic
  4903 | D:6      | Reached XP level 9. HP: 7/62 MP: 12/12
  5346 | D:7      | Reached ** piety under Makhleb
  5632 | D:7      | Noticed a two-headed ogre
  5841 | D:8      | Found an iron altar of Okawaru.
  5868 | D:8      | Identified 3 scrolls of acquirement
  5868 | D:8      | Acquired a +0 buckler of poison resistance
  5882 | D:8      | Found a staircase to the Lair.
  6333 | D:7      | Learned a level 4 spell: Ice Form
  6608 | D:7      | Reached skill level 1 in Shields
  6625 | D:8      | Noticed Grum
  6908 | D:8      | Reached skill level 1 in Ice Magic
  6938 | D:8      | Noticed Pikel
  6962 | D:8      | Killed Pikel
  6963 | D:8      | Reached skill level 5 in Dodging
  6963 | D:8      | Reached XP level 10. HP: 64/71 MP: 14/14
  7731 | D:8      | Acquired the ring of Tuec {+Blink Will- EV+4 SInv}
  7733 | D:8      | Acquired the ring "Wupneics" {Will+ rCorr Int+5}
  7808 | D:8      | Found a glowing golden altar of the Shining One.
  7934 | D:8      | Reached *** piety under Makhleb
  7984 | D:8      | Noticed a cyclops
  8191 | D:8      | Killed a cyclops
  8790 | D:9      | Reached XP level 11. HP: 70/78 MP: 15/15
  8915 | D:9      | Found a broken altar of Ashenzari.
  8918 | D:9      | Found a shimmering altar of Xom.
  8921 | D:9      | Found a sparkling altar of Nemelex Xobeh.
  9391 | D:9      | Noticed a centaur warrior
  9425 | D:9      | Noticed a boulder beetle
  9443 | D:9      | Killed a boulder beetle
  9669 | D:9      | Killed a centaur warrior
 10197 | D:9      | Got Ragunwil's Incunabulum of Virulent Frostbite
 10234 | D:9      | Noticed a brown ugly thing
 10256 | D:9      | Reached skill level 5 in Stealth
 10315 | D:9      | Noticed a manticore
 10348 | D:9      | Killed a manticore
 10388 | D:9      | Noticed a centaur warrior
 10396 | D:9      | Slain by a centaur warrior

Illustrated notes

Levels and vault maps discovered:
D:1:      nzn_arrival_crosshair, layout_loops_ring,
          shapermc_ecumenical_altar_mp_urbaneastern
D:2:      layout_basic, serial_corexii_hall, corexii_hall_statues_deadend,
          corexii_hall_statues_t, corexii_hall_statues_l,
          corexii_hall_statues_s, st_stairs_3, uniq_jessica, uniq_sigmund
D:3:      layout_basic
D:4:      layout_loops_corners, makhleb_altar_promises_db, serial_bayou_crossing
D:5:      layout_gridville, grunt_decor_cap, minmay_misc_feat_ornament,
          chequers_serial_rivers_room_b
D:6:      minmay_inner_zag, layout_cave_pools, lemuel_temple_firewalk_b,
          serial_shops, nicolae_shop_stone, uniq_prince_ribbit1
D:7:      layout_basic, minmay_chambers_of_fives
D:8:      layout_gridville, okawaru_humans, tso_oasis_becter,
          minmay_lair_entry_grove, nzn_random_ring, uniq_grum, uniq_pikel
D:9:      minmay_the_grid_3x3 [minmay_the_grid_stretched_grid,
          minmay_the_grid_fan, minmay_the_grid_odd_star,
          minmay_the_grid_broken_lines, minmay_the_grid_paths,
          minmay_the_grid_outer_diamond, minmay_the_grid_dragon_a,
          minmay_the_grid_expand, minmay_the_grid_prize_shrinking_boxes],
          layout_stronghold, grunt_temple_overflow_diamond, lemuel_flame_loot_1

Skill      XL: |  1  2  3  4  5  6  7  8  9 10 11 |
---------------+----------------------------------+-----
Fighting       | 2 3 4 5 6 7 8 9 |  9.0
Unarmed Combat | 4 5 6 7 8 9 |  9.0
Poison Magic   | 1 2 |  2.0
Transmutations | 3 4 5 7 |  7.6
Stealth        | 2 3 4 5 |  5.0
Dodging        | 3 4 5 8 9 |  9.0
Invocations    | 2 4 |  4.0
Earth Magic    | 1 |  1.0
Spellcasting   | 3 |  3.0
Shields        | 2 3 |  3.0
Ice Magic      | 1 |  1.0

Action                   |  1- 3 |  4- 6 |  7- 9 | 10-12 || total
-------------------------+-------+-------+-------+-------++-------
Melee: Unarmed           |    74 |   101 |   263 |   376 ||   814
       Constrict         |    17 |    10 |    28 |    24 ||    79
       Kick              |     7 |     1 |    41 |    36 ||    85
       Tentacles         |    16 |     5 |    44 |    38 ||   103
       Punch             |     3 |     2 |     7 |     8 ||    20
Throw: Dart              |       |     9 |     7 |    13 ||    29
       Boomerang         |       |       |     4 |       ||     4
 Cast: Beastly Appendage |     5 |     4 |    19 |    13 ||    41
       Spider Form       |       |     8 |    18 |    22 ||    48
       Magic Dart        |       |       |    24 |    13 ||    37
       Sandblast         |       |       |     4 |    10 ||    14
       Wereblood         |       |       |       |     1 ||     1
       Ice Form          |       |       |       |     1 ||     1
 Abil: End Transformatio |       |       |     1 |     1 ||     2
       Evoke Blink       |       |       |       |     1 ||     1
  Use: Potion            |       |       |     4 |     1 ||     5
       Scroll            |       |       |    15 |     8 ||    23
 Stab: Sleeping          |     3 |     2 |     5 |       ||    10
Armor: Skin              |     5 |     3 |     7 |     9 ||    24
Dodge: Dodged            |    26 |    56 |   181 |   366 ||   629
Block: Buckler           |       |       |     2 |    27 ||    29
       Other             |       |       |       |     6 ||     6
       Reflection        |       |       |       |     1 ||     1
